 Seeded DCSS version 0.29-a0-359-g541a27f54d (webtiles) character file.

Game seed: 9333529537487618972 (custom seed)

1 klau3 the Chopper (level 1, 0/18 HPs)
             Began as a Human Berserker on Apr 27, 2022.
             Was a Follower of Trog.
             Succumbed to a kobold's poison
             ... on level 1 of the Dungeon.
             The game lasted 00:00:29 (77 turns).

klau3 the Chopper (Human Berserker)                   Turns: 77, Time: 00:00:30

Health: 0/18       AC:  0    Str: 17    XL:     1   Next: 22%
Magic:  1/1        EV: 12    Int:  7    God:    Trog [*.....]
Gold:   0          SH:  0    Dex: 12    Spells: 0/0 levels left

rFire   . . .      SeeInvis .   a - +0 hand axe
rCold   . . .      Faith    .   (no shield)
rNeg    . . .      Spirit   .   (no body armour)
rPois   .          Reflect  .   (no helmet)
rElec   .          Harm     .   (no cloak)
rCorr   .          Rampage  .   (no gloves)
Will    .....                   (no boots)
Stlth   +.........              (no amulet)
HPRegen 0.06/turn               (no ring)
MPRegen 0.07/turn               (no ring)

@: lethally poisoned (0 -> -6)
A: no striking features
a: Renounce Religion, Berserk


You were on level 1 of the Dungeon.
You worshipped Trog.
Trog was aware of your devotion.
You visited 1 branch of the dungeon, and saw 1 of its levels.

Inventory:

Hand Weapons
 a - a +0 hand axe (weapon)
Armour
 b - a +0 animal skin
 f - a +0 ring mail
Potions
 c - a potion of haste {unknown}
 d - 2 potions of attraction {unknown}
 e - a potion of magic {unknown}


   Skills:
 + Level 3.0 Fighting
 + Level 3.1 Axes
 + Level 2.0 Armour
 + Level 2.0 Dodging


You couldn't memorise any spells.
You didn't know any spells.
Your spell library was empty.

Dungeon Overview and Level Annotations

Branches:
Dungeon (1/15)

Altars:


Message History

The helpless bat fails to defend itself.
You hit the bat.
You kill the bat!
Trog accepts your kill.
A kobold comes into view. It is wielding a +0 whip of venom.
Found a fizzy silvery potion.
Found a ring mail.
The kobold shouts!
You see here a +0 ring mail.
f - a +0 ring mail You start removing your armour.
You continue taking off your +0 animal skin. x2
The kobold barely misses you.
You continue taking off your +0 animal skin.
The kobold hits you with a +0 whip of venom.
You are poisoned.
You continue taking off your +0 animal skin.
You feel very sick. The kobold hits you but does no damage.
You are lethally poisoned!
You finish taking off your +0 animal skin.
You hit the kobold.
The kobold is moderately wounded.
You feel very sick. The kobold misses you.
You closely miss the kobold.
The kobold is moderately wounded.
You feel very sick. The kobold barely misses you.
You closely miss the kobold.
The kobold is moderately wounded.
* * * LOW HITPOINT WARNING * * *
You feel sick. The kobold barely misses you.
You barely miss the kobold.
The kobold is moderately wounded.
* * * LOW HITPOINT WARNING * * *
You feel sick. The kobold closely misses you.
You barely miss the kobold.
The kobold is moderately wounded.
You die...

#....##
#####..... ##.
#........#....
#.!......#...
#...........
#........#
#....K...####
#...@.......#
#######.....#
###.....#
#.......#
#.......#
#.......#
#.......#
###.....###
#.......#


You could see a kobold.

Vanquished Creatures
  A bat (D:1)
1 creature vanquished.

Notes
Turn   | Place    | Note
-------+----------+-------------------------------------------
     0 | D:1      | klau3 the Human Berserker began the quest for the Orb.
     0 | D:1      | Reached XP level 1. HP: 18/18 MP: 1/1
    77 | D:1      | Succumbed to a kobold's poison

Illustrated notes

Levels and vault maps discovered:
D:1:      dpeg_arrival_three_same_balls, layout_basic, basic_ecumenical_altar

Action                   || total
-------------------------++-------
Melee: Hand axe          ||     6
 Stab: Sleeping          ||     1
Armor: Animal skin       ||     1
Dodge: Dodged            ||     5

Table legend: (Time is in decaauts)
 A = Elapsed time spent in this place.
 B = Non-inter-level travel time spent in this place.
 C = Inter-level travel time spent in this place.
 D = Time resting spent in this place.
 E = Time spent auto-exploring this place.
 F = Levels seen in this place.
 G = Mean time per level.
                   A        B        C        D        E       F      G
               +--------+--------+--------+--------+--------+-----+--------+
         Total |     77 |     36 |     41 |      0 |      8 |   1 |   77.0 |
       Dungeon |     77 |     36 |     41 |      0 |      8 |   1 |   77.0 |
               +--------+--------+--------+--------+--------+-----+--------+

Top non-repeatable levels by time:
     D:1: 77 daAuts
